 Dungeon Crawl Stone Soup version 0.31-a0-263-ge8cad7f256 (webtiles) character file.

Game seed: 5743855556284052838

928 Demosthentine the Poker (level 7, -8/55 HPs)
             Began as a Demonspawn Gladiator on July 13, 2023.
             Was a Follower of Hepliaklqana.
             Killed by divine providence
             ... invoked by an orc priest
              (12 damage)
             ... on level 6 of the Dungeon.
             The game lasted 00:04:37 (4842 turns).

Demosthentine the Poker (Demonspawn Gladiator)      Turns: 4842, Time: 00:04:38

Health: -8/55      AC: 10    Str: 16    XL:     7   Next: 85%
Magic:  7/7        EV: 13    Int:  9    God:    Hepliaklqana [*.....]
Gold:   295        SH:  4    Dex: 15    Spells: 6/6 levels left

rFire   . . .        a - +1 trident
rCold   . . .        (no shield)
rNeg    . . .        b - +0 leather armour
rPois   +            (helmet restricted)
rElec   .            n - +1 cloak
rCorr   .            o - +1 pair of gloves
SInv    .            k - +1 pair of boots
Will    .....        (no amulet)
Stlth   +            i - ring of poison resistance
HPRegen 0.29/turn    (no ring)
MPRegen 0.10/turn

%: no passive effects
@: no status effects
A: reduced essence, antennae 1, large bone plates 1, demonic guardian 1, robust
1
a: Renounce Religion, Recall Ancestor, Ancestor Identity


You were on level 6 of the Dungeon.
You worshipped Hepliaklqana.
Hepliaklqana was aware of your devotion.
You visited 2 branches of the dungeon, and saw 7 of its levels.

You collected 295 gold pieces.

Inventory:

Hand Weapons
 a - a +1 trident (weapon)
Missiles
 d - 3 throwing nets (quivered)
 e - a javelin
 h - 6 silver javelins
Armour
 b - a +0 leather armour (worn)
 k - a +1 pair of boots (worn)
 n - a +1 cloak (worn)
 o - a +1 pair of gloves (worn)
Jewellery
 i - a ring of poison resistance (left hand)
Talismans
 u - a serpent talisman
Wands
 m - a wand of polymorph (13)
 r - a wand of mindburst (14)
Scrolls
 c - a scroll of fear
 f - 2 scrolls of teleportation
 g - a scroll of enchant weapon
 j - 3 scrolls of amnesia
 p - 2 scrolls of vulnerability
 t - 2 scrolls of revelation
Potions
 s - a potion of lignification {unknown}
 v - a potion of might
 w - a potion of invisibility {unknown}
 x - 2 potions of berserk rage {unknown}


   Skills:
 + Level 4.8 Fighting
 + Level 4.9 Polearms
 - Level 1.7 Throwing
 + Level 3.9 Armour
 + Level 4.8 Dodging


You had 6 spell levels left.
You didn't know any spells.
Your spell library contained the following spells:

 Spells                   Type           Power      Damage    Failure   Level
 Sandblast                Erth           0%         2d4       43%         1
 Lesser Beckoning         Tloc           0%         N/A       58%         2
 Passwall                 Tmut/Erth      0%         N/A       58%         2
 Gell's Gravitas          Tloc           0%         N/A       82%         3
 Ozocubu's Armour         Ice            0%         N/A       82%         3
 Stone Arrow              Conj/Erth      0%         3d7       82%         3
 Teleport Other           Tloc           0%         N/A       82%         3
 Vhi's Electric Charge    Tloc/Air       0%         N/A       82%         3
 Arcjolt                  Conj/Air       0%         1d10      100%        5
 Metabolic Englaciation   Hex/Ice        0%         N/A       100%        5
 Plasma Beam              Fire/Air       0%         2x1d10    100%        6
 Simulacrum               Ice/Necr       0%         N/A       100%        6


Dungeon Overview and Level Annotations

Branches:
Dungeon (6/15)             Temple (1/1) D:5

Altars:
Ashenzari
Cheibriados
Dithmenos
Fedhas
Gozag
Hepliaklqana
Makhleb
Okawaru
Qazlal
Sif Muna
Uskayaw
Wu Jian
Xom


Innate Abilities, Weirdness & Mutations

Your life essence is reduced to manifest your ancestor. (-10% HP)
You have a pair of small antennae on your head.
You are partially covered in large bone plates. (SH +4)
A weak demonic guardian rushes to your aid.
You are robust. (+10% HP)


Message History

You feel much better. Sigmund barely misses you.
The orc priest invokes the aid of Beogh against you.
Beogh smites you!
The orc priest mumbles some strange prayers to Beogh against you.
Beogh smites you!
* * * LOW HITPOINT WARNING * * *
You barely miss Sigmund. Sigmund hits you but does no damage.
Takurtum hits Sigmund.
Unknown command.
You feel much better. The orc priest barely misses you.
Sigmund barely misses you.
Takurtum hits Sigmund but does no damage.
Unknown command.
You hit Sigmund.
Sigmund is moderately wounded.
Takurtum hits Sigmund.
The orc priest mumbles some strange prayers to Beogh against you.
Beogh smites you!
Unknown command.
You puncture Sigmund!
Sigmund is severely wounded.
Sigmund closely misses you.
The orc priest hits you from afar with a +0 trident.
Takurtum hits Sigmund but does no damage.
Unknown command.
You catch the helpless Sigmund completely off-guard!
You hit Sigmund but do no damage.
Sigmund is severely wounded.
The orc priest completely misses you.
Takurtum closely misses Sigmund.
Sigmund closely misses you.
The orc priest invokes the aid of Beogh against you.
Pain shoots through your body!
* * * LOW HITPOINT WARNING * * *
A demonic guardian appears!
You puncture Sigmund!
You kill Sigmund!
Your ufetubus hits the orc priest. x2
The orc priest mumbles some strange prayers to Beogh against you.
Beogh smites you!
You die...

... #.#....# ....
#.#....##.. ....
#.#...... .....
#..)).############
.....##>.)).........#...
.........##########.#...
...........# #.....
...........# ##....
.....5R@...# ##...
......o)...# #...
......o....# #...
...........# ####
...........# #
...........# #
##'#####..?. .. #####


You could see the friendly Takurtum the ancestor, 2 orc priests and a friendly
ufetubus (summoned).

Vanquished Creatures
  Sigmund (D:6)
  An ice beast (D:5)
  An orc warrior (D:6)
  The ghost of juan097 the Changeling, an amateur OpSh (D:3)
  2 scorpions
  An orc priest (D:6)
  2 hounds
  Crazy Yiuf (D:2)
  6 iguanas
  4 adders
  A shadow imp (D:4)
  3 worms
  4 dart slugs
  3 orcs
  11 ball pythons
  8 bats
  5 endoplasms
  3 giant cockroaches
  9 goblins
  7 hobgoblins
  3 kobolds
  3 quokkas
  2 frilled lizards
  3 rats
85 creatures vanquished.

Vanquished Creatures (collateral kills)
  A black bear (D:6)
  An orc priest (D:6)
  An iguana (D:6)
  3 orcs
  A goblin (D:3)
  A frilled lizard (D:3)
  A kobold (D:3)
9 creatures vanquished.

Grand Total: 94 creatures vanquished

Notes
Turn   | Place    | Note
-------+----------+-------------------------------------------
     0 | D:1      | Demosthentine the Demonspawn Gladiator began the quest for
                  | the Orb.
     0 | D:1      | Reached XP level 1. HP: 16/16 MP: 1/1
   158 | D:1      | Gained mutation: A weak demonic guardian rushes to your
                  | aid. [demonic ancestry]
   158 | D:1      | Reached XP level 2. HP: 19/22 MP: 2/2
   740 | D:2      | Reached skill level 1 in Armour
   740 | D:2      | Reached XP level 3. HP: 28/28 MP: 3/3
  1142 | D:2      | Identified the +1 ring mail "Anleylaw" {Stlth+}
  1463 | D:2      | Found a runed translucent door.
  1464 | D:2      | Noticed Crazy Yiuf
  1542 | D:2      | Gained mutation: You are partially covered in large bone
                  | plates. (SH +4) [demonic ancestry]
  1542 | D:2      | Reached XP level 4. HP: 11/34 MP: 4/4
  1764 | D:2      | Killed Crazy Yiuf
  2055 | D:3      | Gained mutation: You have a pair of small antennae on your
                  | head. [demonic ancestry]
  2055 | D:3      | Reached XP level 5. HP: 32/41 MP: 5/5
  2268 | D:3      | Found an opulent altar of Gozag.
  2271 | D:3      | Found a runed translucent gate.
  2271 | D:3      | Found a runed translucent gate.
  2271 | D:3      | Found a runed translucent gate.
  2275 | D:3      | Noticed juan097's ghost (amateur OpSh)
  2382 | D:3      | Noticed a +0 hand axe
  2382 | D:3      | Noticed a +0 hand axe
  2391 | D:3      | Found a hide-covered altar of Uskayaw.
  2584 | D:3      | Gained mutation: You are robust. (+10% HP) [potion of
                  | mutation]
  2600 | D:3      | Killed juan097's ghost
  2864 | D:4      | Reached XP level 6. HP: 44/51 MP: 6/6
  3488 | D:5      | Entered Level 5 of the Dungeon
  3611 | D:5      | Found a staircase to the Ecumenical Temple.
  3746 | Temple   | Entered the Ecumenical Temple
  3787 | Temple   | Became a worshipper of Hepliaklqana the Forgotten
  4143 | D:5      | Noticed an ice beast
  4149 | D:5      | Killed an ice beast
  4150 | D:5      | Reached XP level 7. HP: 59/59 MP: 7/7
  4642 | D:6      | Reached * piety under Hepliaklqana
  4831 | D:6      | Noticed Sigmund
  4842 | D:6      | Killed Sigmund
  4842 | D:6      | Killed from afar by an orc priest

Illustrated notes

Levels and vault maps discovered:
D:1:      spicycebolla_arrival_ecumenical, layout_basic, minmay_misc_feat_room
D:2:      layout_loops_corners, palyth_stone_intersect,
          kennysheep_generic_room_11, uniq_crazy_yiuf_cottage
D:3:      layout_rooms, dancing_weapons_uskayaw, ebering_ghost_gozag,
          dk_vineyard_3, kennysheep_small_spiral,
          corexii_item_surrounded_by_moat
D:4:      layout_loops_ring, minmay_diced_spiral
D:5:      layout_gridville, minmay_temple_entry_water_ring,
          minmay_misc_feat_tower
D:6:      layout_basic, uniq_sigmund
Temple:   nicolae_temple_ecumenical_triangle

Skill      XL: |  1  2  3  4  5  6 |
---------------+-------------------+-----
Polearms       | 3 4 |  4.9
Armour         | 1 2 3 |  3.9
Dodging        | 3 4 |  4.8
Fighting       | 3 4 |  4.8
Throwing       | |  1.7

Action                     |  1- 3 |  4- 6 |  7- 9 || total
---------------------------+-------+-------+-------++-------
  Melee: Trident           |   139 |   167 |    53 ||   359
         Punch             |     2 |     2 |       ||     4
         Unarmed           |       |     6 |       ||     6
    Use: Scroll            |     5 |     4 |     1 ||    10
         Potion            |       |     6 |     2 ||     8
   Stab: Sleeping          |     2 |     3 |       ||     5
         Distracted        |     1 |     2 |     2 ||     5
 Armour: Leather armour    |    35 |    39 |    11 ||    85
  Dodge: Dodged            |    78 |    90 |    25 ||   193
  Block: Other             |       |    23 |     5 ||    28

Table legend: (Time is in decaauts)
 A = Elapsed time spent in this place.
 B = Non-inter-level travel time spent in this place.
 C = Inter-level travel time spent in this place.
 D = Time resting spent in this place.
 E = Time spent auto-exploring this place.
 F = Levels seen in this place.
 G = Mean time per level.
                   A        B        C        D        E       F      G
               +--------+--------+--------+--------+--------+-----+--------+
         Total |   4885 |   4640 |    245 |    114 |   3716 |   7 |  697.9 |
       Dungeon |   4824 |   4580 |    244 |    114 |   3677 |   6 |  804.0 |
        Temple |     60 |     60 |      0 |      0 |     39 |   1 |   60.0 |
               +--------+--------+--------+--------+--------+-----+--------+

Top non-repeatable levels by time:
     D:2: 1213 daAuts
     D:5: 1035 daAuts
     D:4: 808 daAuts
     D:3: 775 daAuts
     D:1: 723 daAuts
     D:6: 269 daAuts
  Temple: 60 daAuts
